 Dungeon Crawl Stone Soup version 0.31-a0-217-g58bb5d79cf (webtiles) character file.

Game seed: 8697243269186926389

200 qw the Shooter (level 5, -3/32 HPs)
             Began as a Gargoyle Hexslinger on July 2, 2023.
             Frozen to death by an endoplasm (4 damage)
             ... on level 4 of the Dungeon.
             The game lasted 00:01:07 (2346 turns).

qw the Shooter (Gargoyle Hexslinger)                Turns: 2346, Time: 00:01:07

Health: -3/32      AC: 10    Str: 11    XL:     5   Next: 78%
Magic:  6/6        EV: 10    Int: 14    God:
Gold:   188        SH:  0    Dex: 14    Spells: 5/6 levels left

rFire   . . .        Y - +1 sling
rCold   . . .        (no shield)
rNeg    + . .        l - +0 ring mail
rPois   inf          (no helmet)
rElec   +            (no cloak)
rCorr   .            (no gloves)
SInv    .            i - +0 pair of boots
Will    .....        (no amulet)
Stlth   +            (no ring)
HPRegen 0.25/turn    (no ring)
MPRegen 0.10/turn

%: no passive effects
@: no status effects
A: sickness immunity, AC +4, negative energy resistance 1, electricity
resistance, torment resistance 1, petrification resistance
a: no special abilities


You were on level 4 of the Dungeon.
You visited 1 branch of the dungeon, and saw 4 of its levels.

You collected 188 gold pieces.


Innate Abilities, Weirdness & Mutations

You are immune to sickness and miasma.
Your stone body is resilient. (AC +4)
You are immune to poison.
You resist negative energy. (rN+)
You are resistant to electric shocks. (rElec)
You are resistant to unholy torment.
You are immune to petrification.


   Skills:
 - Level 3.0 Fighting
 + Level 5.0 Ranged Weapons
 - Level 1.1 Armour
 - Level 1.5 Dodging
 - Level 1.0 Spellcasting
 - Level 2.6 Hexes


You had 5 spell levels left.
You knew the following spells:

 Your Spells              Type           Power      Damage    Failure   Level
a - Slow                  Hex            32%        N/A       21%         1

Your spell library contained the following spells:

 Spells                   Type           Power      Damage    Failure   Level
 Inner Flame              Hex/Fire       4%         N/A       71%         3
 Portal Projectile        Hex/Tloc       8%         N/A       71%         3
 Cause Fear               Hex            4%         N/A       90%         4

Inventory:

Hand Weapons
 Y - a +1 sling (weapon)
Armour
 i - a +0 pair of boots (worn)
 l - a +0 ring mail (worn)
Potions
 a - a potion of might
 b - a potion of haste {unknown}
 d - a potion of curing
 e - a potion of attraction {unknown}
 g - a potion of mutation {unknown}
 j - a potion of heal wounds {unknown}
 k - a potion of lignification {unknown}

Dungeon Overview and Level Annotations

Branches:
Dungeon (4/15)
 Temple: D:4-7

Altars:
Makhleb
Wu Jian


Message History

The hobgoblin closely misses you.
You shoot a sling bullet. The sling bullet hits the jelly.
The jelly is almost dead.
Your surroundings suddenly seem different.
A giant cockroach and an endoplasm come into view.
Found 5 poisoned darts.
The endoplasm quivers.
The giant cockroach barely misses you.
You shoot a sling bullet.
The sling bullet hits the giant cockroach.
The giant cockroach is moderately wounded.
The giant cockroach bites you.
The giant cockroach bites you but does no damage.
You shoot a sling bullet.
The sling bullet hits the giant cockroach.
The giant cockroach is heavily wounded.
The giant cockroach bites you but does no damage.
The endoplasm closely misses you.
You shoot a sling bullet.
The sling bullet hits the giant cockroach but does no damage.
The giant cockroach is heavily wounded.
The giant cockroach bites you but does no damage.
The endoplasm freezes you.
You are frozen.
The giant cockroach misses you.
You shoot a sling bullet.
The sling bullet closely misses the giant cockroach.
The giant cockroach bites you but does no damage.
The endoplasm closely misses you.
You shoot a sling bullet.
The sling bullet hits the giant cockroach!
You kill the giant cockroach!
The endoplasm barely misses you. The endoplasm freezes you.
You are frozen.
Your Fighting skill increases to level 3!
You shoot a sling bullet. The sling bullet hits the endoplasm.
The endoplasm is moderately wounded.
The endoplasm freezes you.
You are frozen.
You die...

#### #..
#(####
#@...#
#.J%..#
#.....#
#.......
......#...
...#####
.# ... #
#...


You could see an endoplasm.

Vanquished Creatures
  3 orc wizards (D:3)
  2 gnolls (D:4)
  3 adders
  A worm (D:3)
  A dart slug (D:1)
  10 orcs (D:3)
  4 ball pythons
  5 bats
  5 endoplasms
  2 giant cockroaches
  4 goblins
  5 hobgoblins
  3 jackals (D:1)
  7 kobolds
  A quokka (D:2)
  4 frilled lizards
  4 rats
64 creatures vanquished.

Notes
Turn   | Place    | Note
-------+----------+-------------------------------------------
     0 | D:1      | qw the Gargoyle Hexslinger began the quest for the Orb.
     0 | D:1      | Reached XP level 1. HP: 12/12 MP: 2/2
     0 | D:1      | 0 ||| qw: Version: 0.3-a-40-ge99b1a8
     0 | D:1      | 0 ||| qw: Game counter: 255
     0 | D:1      | 0 ||| qw: Melee chars always use a shield: true
     0 | D:1      | 0 ||| qw: God list: Okawaru
     0 | D:1      | 0 ||| qw: Allow faded altars: false
     0 | D:1      | 0 ||| qw: Do Orc after clearing Dungeon:15 true
     0 | D:1      | 0 ||| qw: Do second Lair branch before Depths: true
     0 | D:1      | 0 ||| qw: Lair rune preference: random
     0 | D:1      | 0 ||| qw: Goals: Normal
     0 | D:1      | 0 ||| PLANNING D:1-11
   152 | D:1      | Reached XP level 2. HP: 13/16 MP: 3/3
   168 | D:1      | 168 ||| FLEEEEING.
   169 | D:1      | 169 ||| FLEEEEING.
   206 | D:1      | Reached skill level 3 in Ranged Weapons
   454 | D:1      | Reached XP level 3. HP: 14/21 MP: 4/4
   641 | D:1      | 641 ||| UPGRADING to +0 leather armour.
   651 | D:1      | 651 ||| DROPPING +0 robe.
   652 | D:1      | 652 ||| UPGRADING to +0 pair of boots.
   657 | D:1      | 657 ||| READING scroll labelled ZEVI GYUFUC.
   671 | D:1      | 671 ||| READING scroll labelled DISUBL BETHREEF.
   672 | D:1      | 672 ||| DRINKING 2 emerald potions.
   673 | D:1      | 673 ||| DROPPING scroll of poison.
  1038 | D:2      | Found an ornate altar of the Wu Jian Council.
  1582 | D:2      | 1582 ||| READING scroll labelled HUOGGE IWUDAO.
  1583 | D:2      | 1583 ||| DRINKING 2 sedimented cyan potions.
  1750 | D:3      | Reached XP level 4. HP: 21/26 MP: 5/5
  1817 | D:3      | Reached skill level 4 in Ranged Weapons
  1998 | D:3      | Found a burning altar of Makhleb.
  2046 | D:3      | Reached skill level 5 in Ranged Weapons
  2046 | D:3      | Reached XP level 5. HP: 27/30 MP: 6/6
  2079 | D:3      | 2079 ||| FLEEEEING.
  2080 | D:3      | 2080 ||| FLEEEEING.
  2258 | D:3      | 2258 ||| UPGRADING to +0 ring mail.
  2268 | D:3      | 2268 ||| DROPPING +0 leather armour.
  2269 | D:3      | 2269 ||| READING scroll labelled OSKAZA LI ITU.
  2270 | D:3      | 2270 ||| READING 2 scrolls labelled TYTEID GAIM.
  2331 | D:4      | Reached skill level 1 in Armour
  2337 | D:4      | HP: 8/32 [gnoll/+0 flail (5)]
  2338 | D:4      | 2338 ||| READING scroll of teleportation.
  2343 | D:4      | HP: 1/32 [frozen (4)]
  2346 | D:4      | Reached skill level 3 in Fighting
  2346 | D:4      | Frozen to death by an endoplasm

Levels and vault maps discovered:
D:1:      eino_arrival_water_cross, layout_basic
D:2:      layout_basic, serial_forest, infiniplex_forest_fountain,
          infiniplex_forest_clump_medium, infiniplex_forest_end_2,
          infiniplex_forest_side_room, infiniplex_forest_lined_1,
          infiniplex_forest_corner_1, basic_altar, st_stairs_5
D:3:      layout_basic, mainiacjoe_overflow_alcove_4
D:4:      layout_rooms, minmay_strange_pillars, nicolae_wooded_promenade,
          serial_bayou_pond_b, nicolae_half_adder

Skill      XL: |  1  2  3  4  5 |
---------------+----------------+-----
Ranged Weapons | 3 5 |  5.0
Fighting       | 2 3 |  3.0
Armour         | 1 |  1.1
Dodging        | |  1.5
Spellcasting   | |  1.0
Hexes          | |  2.6

Action                     |  1- 3 |  4- 6 || total
---------------------------+-------+-------++-------
   Fire: Sling             |   147 |   126 ||   273
    Use: Scroll            |     3 |     3 ||     6
         Potion            |     2 |       ||     2
 Armour: Robe              |    13 |       ||    13
         Leather armour    |    14 |    23 ||    37
         Ring mail         |       |    17 ||    17
  Dodge: Dodged            |    42 |    51 ||    93

Table legend:
 A = Non-vault XP
 B = Vault XP
 C = Vault XP percentage of total XP
 D = Non-vault monster count
 E = Vault monster count
 F = Vault count percentage of total count
                 A         B        C        D         E       F
            +---------+---------+-------+---------+---------+-------
      Total |     268 |      18 |   6.3 |      60 |       4 |   6.2
            +---------+---------+-------+---------+---------+-------
        D:1 |      41 |       0 |   0.0 |      22 |       0 |   0.0
        D:2 |      15 |       5 |  25.0 |       8 |       3 |  27.3
        D:3 |     181 |       0 |   0.0 |      26 |       0 |   0.0
        D:4 |      31 |      13 |  29.5 |       4 |       1 |  20.0
            +---------+---------+-------+---------+---------+-------
